AoeStats
← AloneArcher

Coastal Forest

510660272Analyzed
4v4 RM · 1d ago on Oct 2, 2026· 56m 51s· 8 players
Game mode
Random Map
Map size
Large (8 player)
Population
200
Speed
Normal
Resources
Standard
Victory
Conquest
Starting age
Dark Age
Ending age
Imperial Age
RankedLock teamsTeams togetherTeam positionsShared explorationLock speedFull tech treeHidden civsTurbo modeCheats
Victory
Defeat
🇧🇷 Maya · Brazil
867
+13
🇨🇱 Persians · Chile
853
+14
🇨🇳 Varangians · China
853
+14
🇦🇷 Muisca · Argentina
774
+17
🇺🇸 Turks · United States
833
-16
🇹🇷 Turks · Türkiye
815
-15
🇺🇸 Bulgarians · United States
796
-14
🇺🇸 Saxons · United States
768
-13
AloneArcher
12:39 Feudal Age
16:05 Man-at-Arms
18:40 Loom
19:24 Gold Mining
29:07 Castle Age
28:55 Horse Collar
42:39 Stone Mining
44:44 Wheelbarrow
44:49 Gold Shaft Mining
52:33 Heavy Plow
58:37 Imperial Age
LeeroyJenkins
10:25 Feudal Age
14:26 Loom
16:57 Castle Age
15:06 Double-Bit Axe
17:43 Horse Collar
22:35 Gold Mining
26:22 Gold Shaft Mining
33:03 Imperial Age
39:33 Bloodlines
47:22 Heavy Camel Rider
49:25 Theocracy
55:30 Scale Barding Armor
55:35 Forging
joshua.reynolds
3:40 Loom
11:28 Feudal Age
12:07 Horse Collar
15:09 Double-Bit Axe
17:01 Fletching
19:16 Castle Age
19:21 Crossbowman
20:00 Bodkin Arrow
21:03 Stone Mining
21:05 Gold Mining
23:22 Padded Archer Armor
29:16 Ballistics
29:33 Town Watch
30:30 Heavy Plow
35:29 Scale Mail Armor
35:18 Gambesons
35:35 Squires
36:17 Chain Mail Armor
36:18 Fortified Wall
36:05 Murder Holes
36:50 Wheelbarrow
38:34 Forging
41:24 Iron Casting
41:30 Leather Archer Armor
41:16 Arson
45:30 Imperial Age
45:04 Hand Cart
45:20 Thumb Ring
45:53 Elite Varangian Guard
45:59 Elite Skirmisher
47:45 Plate Mail Armor
48:09 Bracer
49:03 Ring Archer Armor
48:35 Shield Wall
52:19 Hoardings
52:13 Caravan
53:06 Conscription
53:49 Clerical Recruitment
nathanst1996
2:47 Loom
12:05 Feudal Age
13:23 Wheelbarrow
12:38 Double-Bit Axe
12:35 Horse Collar
17:56 Scale Mail Armor
18:09 Forging
21:21 Padded Archer Armor
29:18 Castle Age
30:21 Fletching
30:38 Scale Barding Armor
30:02 Elite Skirmisher
32:40 Bodkin Arrow
36:04 Iron Casting
44:41 Pikeman
45:27 Squires
45:12 Gambesons
45:13 Arson
50:35 Gold Mining
51:04 Chain Mail Armor
51:10 Chain Barding Armor
52:13 Bow Saw
Caduzera
9:55 Feudal Age
8:11 Loom
10:39 Double-Bit Axe
12:09 Gold Mining
12:27 Padded Archer Armor
14:48 Fletching
21:43 Castle Age
22:21 Crossbowman
24:40 Stone Mining
32:56 Leather Archer Armor
32:37 Bodkin Arrow
37:23 Elite Skirmisher
49:25 Bow Saw
54:57 Imperial Age
55:57 Arbalester
Alfakong
0:26 Loom
11:27 Feudal Age
12:04 Double-Bit Axe
13:11 Gold Mining
18:56 Castle Age
18:35 Horse Collar
18:41 Fishing Lines
19:12 Town Watch
19:55 Bow Saw
21:20 Scale Barding Armor
23:13 Heavy Plow
24:07 Wheelbarrow
27:23 Chain Barding Armor
27:42 Bloodlines
28:16 Husbandry
30:37 Hand Cart
30:55 Gillnets
34:43 Stone Mining
35:28 Gold Shaft Mining
40:27 Imperial Age
47:21 Crop Rotation
50:13 Chemistry
49:40 Capped Ram
51:53 Citadels
55:13 Two-Man Saw
无名之辈2
11:50 Feudal Age
16:43 Castle Age
15:01 Double-Bit Axe
17:00 Fishing Lines
23:02 Gillnets
24:10 Wheelbarrow
23:17 Horse Collar
26:04 Medium Warships
31:02 Hand Cart
34:39 Imperial Age
32:19 Gold Mining
33:01 Bow Saw
32:40 Treadmill Crane
33:21 Ballistics
32:54 Vendel Legacy
34:10 Scale Barding Armor
35:49 Bloodlines
34:59 Cavalier
35:37 Stone Mining
36:45 Chain Barding Armor
36:36 Forging
37:04 Conscription
36:05 Gothikon
36:14 Elite Longship
36:56 Loom
37:05 Fletching
37:24 Husbandry
38:05 Heavy Warships
41:02 Plate Barding Armor
41:03 Iron Casting
40:57 Bodkin Arrow
41:29 Elite Jarl
44:12 Bracer
45:13 Blast Furnace
49:57 Scale Mail Armor
56:49 Heavy Plow
braian4400
11:07 Feudal Age
18:05 Castle Age
16:47 Fletching
16:58 Double-Bit Axe
17:14 Horse Collar
17:38 Loom
17:41 Town Watch
18:16 Scale Mail Armor
18:43 Forging
21:46 Chain Mail Armor
31:58 Squires
36:52 Wheelbarrow
40:12 Gold Mining
43:09 Imperial Age
41:46 Iron Casting
43:50 Hand Cart
45:40 Conscription
48:08 Plate Mail Armor
50:27 Bodkin Arrow
50:32 Padded Archer Armor
51:45 Elite Guecha Warrior
52:09 Elite Temple Guard
54:03 Ballistics
54:34 Bracer
54:51 Leather Archer Armor
Connection lost

Rejoining the realm…

Still unreachable

The connection could not be restored.

Session expired

The server has moved on; the page needs a fresh start.